 Dungeon Crawl Stone Soup version 0.31.0-10-gcf4a605ca0 (webtiles) character file.

Game seed: 10425120613224379187

3 Sweeb the Twirler (level 1, -4/17 HPs)
             Began as a Draconian Gladiator on Jan 26, 2024.
             Slain by a gnoll
             ... wielding a +0 whip
              (7 damage)
             ... on level 1 of the Dungeon.
             The game lasted 00:00:13 (67 turns).

Sweeb the Twirler (Draconian Gladiator)               Turns: 67, Time: 00:00:13

Health: -4/17      AC:  4    Str: 16    XL:     1   Next: 41%
Magic:  1/1        EV: 12    Int:  8    God:
Gold:   9          SH:  0    Dex: 12    Spells: 0/0 levels left

rFire   . . .        a - +0 quarterstaff
rCold   . . .        (shield currently unavailable)
rNeg    . . .        (body armour unavailable)
rPois   .            b - +0 hat
rElec   .            (no cloak)
rCorr   .            (no gloves)
SInv    .            (no boots)
Will    .....        (no amulet)
Stlth   +            (no ring)
HPRegen 0.22/turn    (no ring)
MPRegen 0.07/turn

%: no passive effects
@: no status effects
A: AC +4, unfitting armour, cold-blooded
a: no special abilities


You were on level 1 of the Dungeon.
You visited 1 branch of the dungeon, and saw 1 of its levels.

You collected 9 gold pieces.

Inventory:

Hand Weapons
 a - a +0 quarterstaff (weapon)
Missiles
 c - 3 throwing nets (quivered)
 d - a javelin
Armour
 b - a +0 hat (worn)
Scrolls
 e - a scroll of butterflies {unknown}
Potions
 f - a potion of attraction {unknown}
 g - a potion of magic {unknown}


   Skills:
 + Level 2.2 Fighting
 * Level 3.0 Staves
 + Level 1.8 Throwing
 * Level 2.7 Dodging
 + Level 0.0 Spellcasting


You couldn't memorise any spells.
You didn't know any spells.
Your spell library was empty.

Dungeon Overview and Level Annotations

Branches:
Dungeon (1/15)

Altars:


Innate Abilities, Weirdness & Mutations

Your plain brown scales are hard. (AC +4)
You cannot fit into any form of body armour.
You are cold-blooded and may be slowed by cold attacks.


Message History

You hit the bat.
You kill the bat!
The ball python barely misses you. The ball python grabs you.
The ball python constricts you.
A gnoll comes into view. It is wielding a +0 whip.
The rat barely misses you.
You hit the ball python.
You kill the ball python!
The rat bites you.
You hit the rat.
You kill the rat!
You barely miss the kobold.
Your tail-slap misses the kobold.
The kobold misses you.
You barely miss the kobold.
Your tail-slap misses the kobold.
The kobold hits you but does no damage.
You closely miss the kobold. The kobold hits you but does no damage.
You closely miss the kobold.
The kobold hits you with a +0 dagger. x2
The gnoll misses you.
You hit the gnoll. You tail-slap the gnoll.
The gnoll is heavily wounded.
The kobold misses you.
A rat comes into view.
The gnoll hits you with a +0 whip!
* * * LOW HITPOINT WARNING * * *
You are too injured to fight recklessly!
You are too injured to fight recklessly!
You barely miss the gnoll.
The gnoll is heavily wounded.
The kobold hits you with a +0 dagger.
* * * LOW HITPOINT WARNING * * *
The gnoll barely misses you.
You barely miss the gnoll.
The gnoll is heavily wounded.
The kobold misses you. The gnoll hits you with a +0 whip.
* * * LOW HITPOINT WARNING * * *
You barely miss the gnoll.
The gnoll is heavily wounded.
The kobold barely misses you. The gnoll barely misses you.
The gnoll hits you with a +0 whip!
You die...

#..........###...#.....#
#......#######.⌠.#.....#
+...(..# ##...#.....#
#......# ######...[.#
#......# #...........
#......######...........
###.....#...........<...
#####...##............
#...@..##..(.........
#..†Kg.########.....#
#....:...# ##...#.....#
#....)..#..###.⌠.#...).#
#.......##.###...#.....#
#........ .#######.....#
#........ .........#####
##....... ..


You could see a gnoll and a kobold.

Vanquished Creatures
  A ball python (D:1)
  A bat (D:1)
  A rat (D:1)
3 creatures vanquished.

Notes
Turn   | Place    | Note
-------+----------+-------------------------------------------
     0 | D:1      | Sweeb the Draconian Gladiator began the quest for the Orb.
     0 | D:1      | Reached XP level 1. HP: 17/17 MP: 1/1
    67 | D:1      | Slain by a gnoll

Illustrated notes

Levels and vault maps discovered:
D:1:      minmay_arrival_glassed_features, layout_basic,
          hellmonk_ecumenical_altar_arch_garden

Action                     || total
---------------------------++-------
  Melee: Quarterstaff      ||    12
         Tailslap          ||     2
 Armour: Skin              ||     9
  Dodge: Dodged            ||    11
